 Dungeon Crawl Stone Soup version 0.32-a0-86-g8db1b9f803 (webtiles) character file.

Game seed: 17513681234288377988

217 Newt the Skirmisher (level 6, -2/57 HPs)
             Began as a Kobold Hunter on Feb 5, 2024.
             Succumbed to Edmund's poison
             ... on level 4 of the Dungeon.
             The game lasted 00:02:23 (3241 turns).

Newt the Skirmisher (Kobold Hunter)                 Turns: 3241, Time: 00:02:24

Health: -2/57      AC: 23    Str:  7 (8)  XL:     6   Next: 16%
Magic:  6/6        EV:  3    Int:  9 (10) God:
Gold:   230        SH:  0    Dex: 20 (21) Spells: 5/5 levels left

rFire   . . .        a - +1 shortbow (freeze)
rCold   . . .        (shield currently unavailable)
rNeg    . . .        c - melded +0 leather armour
rPois   +            l - melded +2 helmet
rElec   .            (cloak currently unavailable)
rCorr   .            (gloves currently unavailable)
SInv    .            (boots currently unavailable)
Will    .....        (no amulet)
Stlth   +++          h - ring of wizardry
HPRegen 0.29/turn    (no ring)
MPRegen 0.10/turn

%: wizardry (x1)
@: lethally poisoned (-2 -> -13), tree-form
A: stationary, stasis, torment immunity, boosted hp, small, no large weapons,
nightstalker 3
a: no special abilities


You were on level 4 of the Dungeon.
You were a tree.
You visited 1 branch of the dungeon, and saw 4 of its levels.

You collected 230 gold pieces.

Inventory:

Hand Weapons
 a - a +1 shortbow of freezing (weapon)
Armour
 c - a +0 leather armour (melded)
 l - a +2 helmet (melded)
Jewellery
 h - a ring of wizardry (left branch)
Wands
 k - a wand of polymorph (10)
Scrolls
 b - a scroll of butterflies
 f - a scroll of noise
 g - a scroll of fear
Potions
 i - a potion of enlightenment {unknown}
 j - a potion of ambrosia {unknown}
 m - a potion of invisibility {unknown}


   Skills:
 + Level 4.1 Fighting
 * Level 8.1 Ranged Weapons
 - Level 2.4 Dodging
 - Level 1.3 Stealth


You had 5 spell levels left.
You didn't know any spells.
Your spell library contained the following spells:

 Spells                   Type           Power      Damage    Failure   Level
 Call Canine Familiar     Summ           0%         N/A       43%         3
 Mephitic Cloud           Conj/Alch/Air  0%         N/A       43%         3
 Sigil of Binding         Hex            0%         N/A       43%         3
 Dimensional Bullseye     Hex/Tloc       0%         N/A       82%         4
 Freezing Cloud           Conj/Ice/Air   0%         6-21      98%         5
 Infestation              Necr           0%         N/A       100%        8


Dungeon Overview and Level Annotations

Branches:
Dungeon (4/15)
 Temple: D:4-7

Altars:
Qazlal
Vehumet
Xom

Annotations:
D:1 Natasha
D:2 1 runed translucent door, Crazy Yiuf
D:4 Edmund


Innate Abilities, Weirdness & Mutations

You are a tree.
Your roots penetrate the ground, keeping you stationary.
You cannot be teleported.
You are immune to unholy pain and torment.
Your maximum health is greatly increased.
Your equipment is partially melded.
You are small and have problems with some larger weapons.
You are completely attuned to the shadows.


Message History

You feel very sick.
Edmund hits you with a +3 dire flail of venom.
You are more poisoned.
You shoot an arrow. The arrow hits Edmund.
Edmund is lightly wounded.
You feel very sick. Edmund hits you but does no damage.
You shoot an arrow. The arrow hits Edmund.
Edmund is lightly wounded.
You feel very sick. Edmund barely misses you.
You shoot an arrow. The arrow hits Edmund.
Edmund is moderately wounded.
You feel very sick. Edmund hits you but does no damage.
You shoot an arrow. The arrow hits Edmund.
Edmund is moderately wounded.
You feel sick. Edmund hits you but does no damage.
You shoot an arrow. The arrow barely misses Edmund.
You feel sick.
Edmund hits you with a +3 dire flail of venom!
* * * LOW HITPOINT WARNING * * *
You shoot an arrow.
The arrow hits Edmund but does no damage.
Edmund is moderately wounded.
You feel sick. Edmund hits you but does no damage.
You shoot an arrow.
The arrow hits Edmund but does no damage.
Edmund is moderately wounded.
You feel sick. Edmund hits you but does no damage.
You shoot an arrow.
The arrow hits Edmund but does no damage.
Edmund is moderately wounded.
You feel sick.
Edmund hits you with a +3 dire flail of venom!
* * * LOW HITPOINT WARNING * * *
You are more poisoned.
It was a potion of degeneration.
There was something very wrong with that liquid.
You feel weakened.
You feel dopey.
You feel clumsy.
You die...

.<## #..###
....#
###.#.#.
#####.......
#..♣@.#.....
#.###......#
#. #.####.#
. ##.# ..
#..##.
####.....#
##.........
##....##.###
##...### .#


You could see Edmund.

Vanquished Creatures
  A bombardier beetle (D:3)
  Jessica (D:2)
  Robin (D:3)
  8 adders
  2 ribbon worms
  A dart slug (D:4)
  4 endoplasms
  2 giant cockroaches
  13 goblins
  9 hobgoblins
  4 jackals (D:3)
  7 kobolds
  A quokka (D:1)
  6 ball pythons
  7 bats
  A frilled lizard (D:1)
  4 rats
72 creatures vanquished.

Notes
Turn   | Place    | Note
-------+----------+-------------------------------------------
     0 | D:1      | Newt the Kobold Hunter began the quest for the Orb.
     0 | D:1      | Reached XP level 1. HP: 12/12 MP: 1/1
    14 | D:1      | Got the Teachings on Meteoric Necromancy
   127 | D:1      | Reached XP level 2. HP: 18/18 MP: 2/2
   372 | D:1      | Reached skill level 6 in Ranged Weapons
   477 | D:1      | Reached XP level 3. HP: 22/22 MP: 3/3
   743 | D:2      | Noticed Natasha
  1149 | D:2      | Reached XP level 4. HP: 27/28 MP: 4/4
  1270 | D:2      | Noticed Jessica
  1271 | D:2      | Killed Jessica
  1536 | D:2      | Found a runed translucent door.
  1539 | D:2      | Noticed Crazy Yiuf
  1963 | D:3      | Reached skill level 7 in Ranged Weapons
  1967 | D:3      | Found a faded altar of an unknown god.
  2045 | D:3      | Found a radiant altar of Vehumet.
  2106 | D:3      | Reached XP level 5. HP: 32/32 MP: 5/5
  2346 | D:3      | Noticed Robin
  2370 | D:3      | Killed Robin
  2854 | D:3      | Found a stormy altar of Qazlal.
  2860 | D:3      | Reached XP level 6. HP: 38/38 MP: 6/6
  2862 | D:3      | Found a shimmering altar of Xom.
  2865 | D:3      | Reached skill level 8 in Ranged Weapons
  3220 | D:4      | Noticed Edmund
  3240 | D:4      | HP: 1/57 [Edmund/+3 dire flail of venom (10)]
  3241 | D:4      | Succumbed to Edmund's poison

Illustrated notes

Levels and vault maps discovered:
D:1:      dpeg_arrival_rooms_b, layout_basic
D:2:      layout_basic, guppyfry_early_lair_pool, uniq_jessica,
          uniq_crazy_yiuf_cottage, uniq_natasha
D:3:      layout_basic, amcnicky_altar_gilded, jmf_multi_god_temple2,
          shapermc_ecumenical_altar_mp_highgroup, uniq_robin
D:4:      layout_rooms, overflow_temple_1_default, serial_co_window_serial,
          co_window_of_opportunity_a, co_window_of_opportunity_a,
          co_window_cross_1, co_window_paths_b, co_window_paths_b,
          co_window_paths_b, co_window_paths_a, co_window_broadway_c,
          co_window_corner_b, co_window_cross_2, co_window_broadway_c,
          co_window_2corner, co_window_2corner, uniq_ijyb, uniq_edmund

Skill      XL: |  1  2  3  4  5  6 |
---------------+-------------------+-----
Ranged Weapons | 6 7 8 |  8.1
Fighting       | 3 4 |  4.1
Dodging        | |  2.4
Stealth        | |  1.3

Action                     |  1- 3 |  4- 6 || total
---------------------------+-------+-------++-------
   Fire: Shortbow          |    80 |    97 ||   177
    Use: Scroll            |     6 |     2 ||     8
         Potion            |       |     2 ||     2
 Armour: Leather armour    |    18 |    16 ||    34
         Skin              |       |    10 ||    10
  Dodge: Dodged            |    28 |    36 ||    64

Table legend: (Time is in decaauts)
 A = Elapsed time spent in this place.
 B = Non-inter-level travel time spent in this place.
 C = Inter-level travel time spent in this place.
 D = Time resting spent in this place.
 E = Time spent auto-exploring this place.
 F = Levels seen in this place.
 G = Mean time per level.
                   A        B        C        D        E       F      G
               +--------+--------+--------+--------+--------+-----+--------+
         Total |   3260 |   3162 |     98 |    351 |   2466 |   4 |  815.0 |
       Dungeon |   3260 |   3162 |     98 |    351 |   2466 |   4 |  815.0 |
               +--------+--------+--------+--------+--------+-----+--------+

Top non-repeatable levels by time:
     D:3: 1213 daAuts
     D:2: 1196 daAuts
     D:1: 754 daAuts
     D:4: 95 daAuts
